Montreal Canadiens vs Hartford Whalers
Created - Friday, September 13, 2024 at 10:16
Goals
|
| Montreal Canadiens |
1 |
1 |
0 |
2 |
| Hartford Whalers |
1 |
0 |
0 |
1 |
|
Shots
|
| Montreal Canadiens |
15 |
15 |
6 |
36 |
| Hartford Whalers |
7 |
5 |
14 |
26 |
|
1st period
1. Hartford Whalers , Kaapo Kakko 3 (Ryan Suter 4, Torey Krug 3) at 7:30
2. Montreal Canadiens , Jonathan Marchessault 9 (Brady Skjei 8, Martin Necas 8) at 7:40
Penalties :
Vincent Trocheck (MTL) for Roughing (Minor) at 16:25
2nd period
3. Montreal Canadiens , Jaden Schwartz 6 (Juraj Slafkovsky 13, Brady Skjei 9) at 14:51
Penalties :
No Penalty
3rd period
No Goal
Penalties :
Ryan Suter (HFD) for Tripping (Minor) at 4:21, Charlie McAvoy (HFD) for Interference (Minor) at 7:55, Martin Necas (MTL) for Cross-checking (Minor) at 11:43, Vincent Trocheck (MTL) for Roughing (Minor) at 19:27
Goalie Stats
Jacob Markstrom (MTL), 25 saves from 26 shots - (0.962), W, 11-6-0, 60:00 minutes
Anton Forsberg (HFD), 34 saves from 36 shots - (0.944), L, 1-3-0, 58:36 minutes
Players Stats for Montreal Canadiens
Player Name G A P +/- PIM S H SB GA TA FO MP PP MP PK MP
------------------------------------------------------------------------------------
Adam Fox 0 0 0 -1 0 1 2 0 0 0 0/0 22:22 2:16 2:13
Aliaksei Protas 0 0 0 0 0 4 0 0 0 1 0/0 10:52 0:00 0:00
Brady Skjei 0 2 2 2 0 2 1 1 0 0 0/0 22:22 2:16 2:17
Claude Giroux 0 0 0 0 0 0 2 0 0 0 9/14 18:08 2:03 2:21
Damon Severson 0 0 0 -1 0 1 1 1 0 0 0/0 18:57 1:42 0:00
Dylan Larkin 0 0 0 0 0 5 0 2 1 0 11/15 19:51 1:55 1:55
Ilya Lyubushkin 0 0 0 0 0 2 2 1 0 0 0/0 13:19 0:00 0:00
Jaden Schwartz 1 0 1 1 0 6 1 1 0 0 0/0 11:06 0:00 0:00
Jake Evans 0 0 0 1 0 0 1 1 0 0 6/7 13:44 0:00 2:38
Jonathan Marchessault 1 0 1 0 0 4 1 2 0 0 1/2 15:52 1:55 0:00
Juraj Slafkovsky 0 1 1 1 0 2 1 0 0 0 2/2 13:42 2:03 0:19
Luke Glendening 0 0 0 0 0 0 1 2 0 0 1/4 11:10 0:00 0:00
Martin Necas 0 1 1 0 2 2 1 3 0 0 1/1 14:17 0:00 0:00
Patrik Laine 0 0 0 0 0 1 1 1 1 0 0/0 17:44 2:03 0:47
Ryan Lindgren 0 0 0 0 0 0 0 2 0 1 0/0 18:41 0:00 2:13
Tyler Myers 0 0 0 2 0 0 1 1 1 1 0/0 24:19 1:42 2:17
Vincent Trocheck 0 0 0 0 4 4 4 0 0 0 2/2 18:20 1:55 1:00
Vladislav Namestnikov 0 0 0 0 0 2 1 0 1 0 0/0 10:41 0:00 0:00
Players Stats for Hartford Whalers
Player Name G A P +/- PIM S H SB GA TA FO MP PP MP PK MP
------------------------------------------------------------------------------------
Anthony Cirelli 0 0 0 -1 0 0 0 1 0 0 1/1 19:10 2:12 2:00
Charlie McAvoy 0 0 0 -2 2 3 0 1 0 1 0/0 22:07 1:55 1:15
Derek Forbort 0 0 0 0 0 2 0 1 0 0 0/0 16:12 0:00 1:37
Jonathan Drouin 0 0 0 -1 0 1 0 0 0 0 0/3 18:57 2:12 1:58
Josh Anderson 0 0 0 0 0 1 1 0 0 0 0/0 9:55 0:00 0:00
Kaapo Kakko 1 0 1 1 0 4 0 0 0 0 0/0 13:45 0:00 0:00
Kaiden Guhle 0 0 0 0 0 0 2 0 0 1 0/0 15:53 0:00 0:35
Lukas Reichel 0 0 0 1 0 1 1 0 0 0 1/9 13:45 0:00 0:00
Matthew Coronato 0 0 0 0 0 0 0 0 0 0 0/2 9:50 0:00 0:00
Miles Wood 0 0 0 -1 0 1 1 1 1 0 0/0 15:19 2:15 0:00
Morgan Frost 0 0 0 -1 0 3 0 0 0 0 3/8 17:24 2:18 1:58
Nick Suzuki 0 0 0 -1 0 3 0 0 0 0 9/22 19:04 2:12 2:00
Ryan McDonagh 0 0 0 -2 0 2 2 1 0 1 0/0 22:28 1:55 2:14
Ryan Suter 0 1 1 1 2 0 0 2 0 1 0/0 21:25 2:35 1:00
T.J. Oshie 0 0 0 -1 0 1 3 1 0 0 0/1 15:31 2:18 0:00
Taylor Hall 0 0 0 0 0 2 0 1 1 0 0/0 9:52 0:00 0:00
Tomas Tatar 0 0 0 1 0 2 1 0 1 0 0/1 13:48 0:03 0:00
Torey Krug 0 1 1 1 0 0 1 1 0 0 0/0 21:35 2:35 1:15
3 Stars
1 - Brady Skjei (MTL)
2 - Jacob Markstrom (MTL)
3 - Jaden Schwartz (MTL)
Power Play
Montreal Canadiens - 0 on 2 Attempt(s) - 0.00%
Hartford Whalers - 0 on 3 Attempt(s) - 0.00%
Penalty Kill
Montreal Canadiens - 3 on 3 Attempt(s) - 100.00%
- Score 0 goal in Penalty Kill
Hartford Whalers - 2 on 2 Attempt(s) - 100.00%
- Score 0 goal in Penalty Kill
Team Stat
Montreal Canadiens - Hits : 21 - Faceoff Wins : 33 - Blocked Shots : 18 - Penalty Minutes : 6
Hartford Whalers - Hits : 12 - Faceoff Wins : 14 - Blocked Shots : 10 - Penalty Minutes : 4
Official
Referees : Brandon Schrader and Eric Furlatt
Linesman : Julien Fournier and David Brisebois
Game Notes
No Game Note
Finance
Level 1 -- Attendance: 5968 (59.68%) -- Ticket Income $537,120
Level 2 -- Attendance: 4992 (99.84%) -- Ticket Income $274,560
Level 3 -- Attendance: 3000 (100.00%) -- Ticket Income $90,000
Level 4 -- Attendance: 4974 (99.48%) -- Ticket Income $99,480
Luxury Box -- Attendance: 870 (87.00%) -- Ticket Income $165,300
Game was played at the Hartford Civic Center.
Total Attendance: 19804 (82.52%)
Total Ticket Income: $1,166,460
Other Income: $408,261
Total Income: $1,574,721
Montreal Canadiens
5 vs 5 Forward
Center Left Wing Right Wing Time % Phy DF OF
1 Dylan Larkin Patrik Laine Vincent Trocheck 35 1 2 2
2 Claude Giroux Jonathan Marchessault Martin Necas 35 1 2 2
3 Jake Evans Jaden Schwartz Juraj Slafkovsky 20 1 2 2
4 Luke Glendening Vladislav Namestnikov Aliaksei Protas 10 1 3 1
5 vs 5 Defense
Defense Defense Time % Phy DF OF
1 Tyler Myers Ryan Lindgren 33 1 3 1
2 Adam Fox Damon Severson 33 1 3 1
3 Brady Skjei Ilya Lyubushkin 24 1 3 1
4 Tyler Myers Brady Skjei 10 1 3 1
PowerPlay Forward
Center Left Wing Right Wing Time % Phy DF OF
1 Dylan Larkin Jonathan Marchessault Vincent Trocheck 50 0 0 5
2 Claude Giroux Patrik Laine Juraj Slafkovsky 50 0 0 5
PowerPlay Defense
Defense Defense Time % Phy DF OF
1 Adam Fox Brady Skjei 50 0 1 4
2 Tyler Myers Damon Severson 50 0 1 4
Penalty Kill 4 Players Forward
Center Wing Time % Phy DF OF
1 Vincent Trocheck Claude Giroux 50 1 3 1
2 Dylan Larkin Jake Evans 50 1 3 1
Penalty Kill 4 Players Defense
Defense Defense Time % Phy DF OF
1 Adam Fox Ryan Lindgren 50 1 4 0
2 Tyler Myers Brady Skjei 50 1 4 0
Penalty Kill - 3 Players Forward
Forward Time % Phy DF OF
1 Vincent Trocheck 50 1 4 0
2 Dylan Larkin 50 1 4 0
Penalty Kill - 3 Players Defense
Defense Defense Time % Phy DF OF
1 Adam Fox Ryan Lindgren 50 1 4 0
2 Tyler Myers Brady Skjei 50 1 4 0
4 vs 4 Forward
Center Wing Time % Phy DF OF
1 Vincent Trocheck Jonathan Marchessault 50 1 2 2
2 Dylan Larkin Patrik Laine 50 1 2 2
4 vs 4 Defense
Defense Defense Time % Phy DF OF
1 Adam Fox Brady Skjei 50 1 2 2
2 Tyler Myers Damon Severson 50 1 2 2
Last Minutes Offensive
Center Left Wing Right Wing Defense Defense
Dylan Larkin Jonathan Marchessault Vincent Trocheck Adam Fox Brady Skjei
Last Minutes Defensive
Center Left Wing Right Wing Defense Defense
Dylan Larkin Luke Glendening Vincent Trocheck Adam Fox Ryan Lindgren
Goaltenders
Starting : Jacob Markstrom
Backup : David Rittich
Extra Forwards
Normal : Vincent Trocheck, Dylan Larkin, Claude Giroux - PP : Martin Necas, Juraj Slafkovsky - PK : Jake Evans
Extra Defensemen
Normal : Adam Fox, Brady Skjei, Damon Severson - PP : Adam Fox - PK : Adam Fox, Brady Skjei
Penalty Shots
Patrik Laine, Vincent Trocheck, Claude Giroux, Jonathan Marchessault, Damon Severson
Scratches
Evgeni Dadonov (Healthy), Alexandre Carrier (Healthy)
Hartford Whalers
5 vs 5 Forward
Center Left Wing Right Wing Time % Phy DF OF
1 Nick Suzuki Anthony Cirelli Jonathan Drouin 30 1 2 2
2 Morgan Frost Miles Wood T.J. Oshie 30 1 2 2
3 Lukas Reichel Tomas Tatar Kaapo Kakko 25 1 2 2
4 Matthew Coronato Taylor Hall Josh Anderson 15 1 2 2
5 vs 5 Defense
Defense Defense Time % Phy DF OF
1 Charlie McAvoy Ryan McDonagh 35 1 2 2
2 Torey Krug Ryan Suter 35 1 2 2
3 Kaiden Guhle Derek Forbort 30 1 2 2
4 Charlie McAvoy Ryan McDonagh 0 1 2 2
PowerPlay Forward
Center Left Wing Right Wing Time % Phy DF OF
1 Nick Suzuki Anthony Cirelli Jonathan Drouin 50 1 2 2
2 Morgan Frost Miles Wood T.J. Oshie 50 1 2 2
PowerPlay Defense
Defense Defense Time % Phy DF OF
1 Charlie McAvoy Ryan McDonagh 50 1 2 2
2 Torey Krug Ryan Suter 50 1 2 2
Penalty Kill 4 Players Forward
Center Wing Time % Phy DF OF
1 Nick Suzuki Anthony Cirelli 50 1 2 2
2 Jonathan Drouin Morgan Frost 50 1 2 2
Penalty Kill 4 Players Defense
Defense Defense Time % Phy DF OF
1 Charlie McAvoy Ryan McDonagh 50 1 2 2
2 Torey Krug Ryan Suter 50 1 2 2
Penalty Kill - 3 Players Forward
Forward Time % Phy DF OF
1 Nick Suzuki 50 1 2 2
2 Anthony Cirelli 50 1 2 2
Penalty Kill - 3 Players Defense
Defense Defense Time % Phy DF OF
1 Charlie McAvoy Ryan McDonagh 50 1 2 2
2 Torey Krug Ryan Suter 50 1 2 2
4 vs 4 Forward
Center Wing Time % Phy DF OF
1 Nick Suzuki Anthony Cirelli 50 1 2 2
2 Jonathan Drouin Morgan Frost 50 1 2 2
4 vs 4 Defense
Defense Defense Time % Phy DF OF
1 Charlie McAvoy Ryan McDonagh 50 1 2 2
2 Torey Krug Ryan Suter 50 1 2 2
Last Minutes Offensive
Center Left Wing Right Wing Defense Defense
Nick Suzuki Anthony Cirelli Jonathan Drouin Charlie McAvoy Ryan McDonagh
Last Minutes Defensive
Center Left Wing Right Wing Defense Defense
Nick Suzuki Anthony Cirelli Jonathan Drouin Charlie McAvoy Ryan McDonagh
Goaltenders
Starting : Anton Forsberg
Backup : Spencer Knight
Extra Forwards
Normal : Tomas Tatar, Taylor Hall, Kaapo Kakko - PP : Tomas Tatar, Taylor Hall - PK : Kaapo Kakko
Extra Defensemen
Normal : Kaiden Guhle, Charlie McAvoy, Torey Krug - PP : Kaiden Guhle - PK : Derek Forbort, Torey Krug
Penalty Shots
Nick Suzuki, Anthony Cirelli, Jonathan Drouin, Morgan Frost, T.J. Oshie
Scratches
Alec Martinez (Healthy), Joshua Norris (Left Foot Injury)
% Time on Ice - Montreal Canadiens
Lines # - Real PCT - Wanted PCT - Time Play
Normal Forward
1 - 29% - 35% - 14:58
2 - 28% - 35% - 14:18
3 - 22% - 20% - 11:06
4 - 21% - 10% - 10:41
Normal Defense
1 - 33% - 33% - 16:50
2 - 33% - 33% - 16:46
3 - 25% - 24% - 12:49
4 - 9% - 10% - 4:38
PP Forward
1 - 48% - 50% - 1:55
2 - 52% - 50% - 2:03
PP Defense
1 - 57% - 50% - 2:16
2 - 43% - 50% - 1:42
PK Forward
1 - 57% - 50% - 2:35
2 - 43% - 50% - 1:55
PK Defense
1 - 49% - 50% - 2:13
2 - 51% - 50% - 2:17
PK3 Forward
1 - 0% - 50%
2 - 0% - 50%
PK3 Defense
1 - 0% - 50%
2 - 0% - 50%
44 Forward
1 - 0% - 50%
2 - 0% - 50%
44 Defense
1 - 0% - 50%
2 - 0% - 50%
Last Minute Offensive - 0:00
Last Minute Defensive - 0:29
Total
Forward - 60:00
Defense - 60:00
|
% Time on Ice - Hartford Whalers
Lines # - Real PCT - Wanted PCT - Time Play
Normal Forward
1 - 28% - 30% - 14:15
2 - 26% - 30% - 13:08
3 - 27% - 25% - 13:45
4 - 19% - 15% - 9:52
Normal Defense
1 - 35% - 35% - 18:01
2 - 35% - 35% - 17:57
3 - 29% - 30% - 15:02
4 - 0% - 0% - 0:00
PP Forward
1 - 49% - 50% - 2:12
2 - 51% - 50% - 2:18
PP Defense
1 - 43% - 50% - 1:55
2 - 57% - 50% - 2:35
PK Forward
1 - 50% - 50% - 2:00
2 - 50% - 50% - 1:58
PK Defense
1 - 56% - 50% - 2:14
2 - 44% - 50% - 1:44
PK3 Forward
1 - 0% - 50%
2 - 0% - 50%
PK3 Defense
1 - 0% - 50%
2 - 0% - 50%
44 Forward
1 - 0% - 50%
2 - 0% - 50%
44 Defense
1 - 0% - 50%
2 - 0% - 50%
Last Minute Offensive - 0:32
Last Minute Defensive - 0:00
Total
Forward - 60:00
Defense - 60:00
|
Play-by-Play
1st period
0:01 of 1st period - Nick Suzuki wins face-off versus Dylan Larkin in neutral zone.
0:17 of 1st period - Off-side.
0:18 of 1st period - Jonathan Marchessault wins face-off versus Morgan Frost in neutral zone.
0:32 of 1st period - Wrist shot by Jonathan Marchessault.
0:32 of 1st period - Stopped by Anton Forsberg with a rebound.
1:41 of 1st period - Snap shot by Vincent Trocheck.
1:41 of 1st period - Shot Misses the Net.
2:03 of 1st period - Snap shot by T.J. Oshie.
2:03 of 1st period - Shot Blocked by Ilya Lyubushkin.
2:10 of 1st period - Icing by Brady Skjei.
2:11 of 1st period - Jake Evans wins face-off versus Lukas Reichel in Montreal Canadiens zone.
2:16 of 1st period - Kaapo Kakko is hit by Juraj Slafkovsky and loses puck.
2:39 of 1st period - Wrist shot by Vincent Trocheck.
2:39 of 1st period - Stopped by Anton Forsberg with a rebound.
2:41 of 1st period - Slapshot by Brady Skjei.
2:41 of 1st period - Stopped by Anton Forsberg with a rebound.
2:43 of 1st period - Slapshot by Dylan Larkin.
2:43 of 1st period - Deflect By Patrik Laine.
2:43 of 1st period - Shot Misses the Net.
2:43 of 1st period - Puck is out of play.
2:44 of 1st period - Nick Suzuki wins face-off versus Jonathan Marchessault in Hartford Whalers zone.
3:11 of 1st period - Taylor Hall is hit by Tyler Myers.
3:17 of 1st period - Snap shot by Matthew Coronato.
3:17 of 1st period - Shot Misses the Net.
3:54 of 1st period - Ryan McDonagh is hit by Claude Giroux and loses puck.
4:15 of 1st period - Miles Wood is hit by Ilya Lyubushkin and loses puck.
4:22 of 1st period - Snap shot by Jaden Schwartz.
4:22 of 1st period - Stopped by Anton Forsberg without a rebound.
4:23 of 1st period - Nick Suzuki wins face-off versus Dylan Larkin in Hartford Whalers zone.
4:52 of 1st period - Wrist shot by Josh Anderson.
4:52 of 1st period - Shot Misses the Net.
5:25 of 1st period - Snap shot by Lukas Reichel.
5:25 of 1st period - Shot Blocked by Damon Severson.
5:39 of 1st period - Slapshot by Juraj Slafkovsky.
5:39 of 1st period - Shot Blocked by Torey Krug.
5:41 of 1st period - Wrist shot by Juraj Slafkovsky.
5:41 of 1st period - Stopped by Anton Forsberg without a rebound.
5:42 of 1st period - Juraj Slafkovsky wins face-off versus Nick Suzuki in Hartford Whalers zone.
5:47 of 1st period - Snap shot by Jaden Schwartz.
5:47 of 1st period - Stopped by Anton Forsberg with a rebound.
5:55 of 1st period - Wrist shot by Jonathan Drouin.
5:55 of 1st period - Shot Misses the Net.
5:57 of 1st period - Snap shot by Jonathan Drouin.
5:57 of 1st period - Stopped by Jacob Markstrom without a rebound.
5:58 of 1st period - Claude Giroux wins face-off versus Lukas Reichel in Montreal Canadiens zone.
6:05 of 1st period - Snap shot by Claude Giroux.
6:05 of 1st period - Shot Misses the Net.
6:13 of 1st period - Snap shot by Lukas Reichel.
6:13 of 1st period - Shot Blocked by Ryan Lindgren.
6:23 of 1st period - Tyler Myers is hit by Kaiden Guhle and loses puck.
7:10 of 1st period - Snap shot by Anthony Cirelli.
7:10 of 1st period - Shot Misses the Net.
7:26 of 1st period - Wrist shot by Kaapo Kakko.
7:26 of 1st period - Stopped by Jacob Markstrom with a rebound.
7:28 of 1st period - Slapshot by Ryan Suter.
7:28 of 1st period - Shot Misses the Net.
7:30 of 1st period - Slapshot by Kaapo Kakko.
7:30 of 1st period - Goal by Kaapo Kakko - Montreal Canadiens : 0 - Hartford Whalers : 1.
7:31 of 1st period - Claude Giroux wins face-off versus Morgan Frost in neutral zone.
7:36 of 1st period - Wrist shot by Jonathan Marchessault.
7:36 of 1st period - Shot Misses the Net.
7:38 of 1st period - Wrist shot by Brady Skjei.
7:38 of 1st period - Stopped by Anton Forsberg with a rebound.
7:40 of 1st period - Wrist shot by Jonathan Marchessault.
7:40 of 1st period - Goal by Jonathan Marchessault - Montreal Canadiens : 1 - Hartford Whalers : 1.
7:41 of 1st period - Dylan Larkin wins face-off versus Lukas Reichel in neutral zone.
7:44 of 1st period - Snap shot by Dylan Larkin.
7:44 of 1st period - Stopped by Anton Forsberg with a rebound.
7:46 of 1st period - Snap shot by Patrik Laine.
7:46 of 1st period - Stopped by Anton Forsberg without a rebound.
7:47 of 1st period - Dylan Larkin wins face-off versus Lukas Reichel in Hartford Whalers zone.
8:26 of 1st period - Icing by Lukas Reichel.
8:27 of 1st period - Claude Giroux wins face-off versus Lukas Reichel in Hartford Whalers zone.
8:28 of 1st period - Wrist shot by Jonathan Marchessault.
8:28 of 1st period - Stopped by Anton Forsberg without a rebound.
8:29 of 1st period - Claude Giroux wins face-off versus Morgan Frost in Hartford Whalers zone.
8:40 of 1st period - Snap shot by Miles Wood.
8:40 of 1st period - Deflect By Claude Giroux.
8:40 of 1st period - Shot Blocked by Jonathan Marchessault.
8:40 of 1st period - Puck is out of play.
8:41 of 1st period - Claude Giroux wins face-off versus Nick Suzuki in Montreal Canadiens zone.
8:53 of 1st period - Kaiden Guhle is hit by Claude Giroux and loses puck.
9:33 of 1st period - Brady Skjei is hit by Lukas Reichel and loses puck.
10:36 of 1st period - Wrist shot by T.J. Oshie.
10:36 of 1st period - Stopped by Jacob Markstrom with a rebound.
10:40 of 1st period - Snap shot by Tomas Tatar.
10:40 of 1st period - Stopped by Jacob Markstrom with a rebound.
10:56 of 1st period - Kaiden Guhle is hit by Jake Evans and loses puck.
11:03 of 1st period - Snap shot by Jaden Schwartz.
11:03 of 1st period - Stopped by Anton Forsberg without a rebound.
11:04 of 1st period - Morgan Frost wins face-off versus Claude Giroux in Hartford Whalers zone.
11:23 of 1st period - Tyler Myers is hit by T.J. Oshie and loses puck.
11:34 of 1st period - Snap shot by Nick Suzuki.
11:34 of 1st period - Stopped by Jacob Markstrom without a rebound.
11:35 of 1st period - Nick Suzuki wins face-off versus Dylan Larkin in Montreal Canadiens zone.
12:33 of 1st period - Snap shot by Juraj Slafkovsky.
12:33 of 1st period - Shot Misses the Net.
12:35 of 1st period - Slapshot by Ilya Lyubushkin.
12:35 of 1st period - Deflect By Ryan McDonagh.
12:35 of 1st period - Stopped by Anton Forsberg with a rebound.
12:57 of 1st period - Tyler Myers is hit by Ryan McDonagh and loses puck.
13:08 of 1st period - Snap shot by Dylan Larkin.
13:08 of 1st period - Stopped by Anton Forsberg with a rebound.
15:34 of 1st period - Snap shot by T.J. Oshie.
15:34 of 1st period - Deflect By Miles Wood.
15:34 of 1st period - Shot Misses the Net.
15:34 of 1st period - Puck is out of play.
15:35 of 1st period - Dylan Larkin wins face-off versus Nick Suzuki in Montreal Canadiens zone.
15:52 of 1st period - Off-side.
15:53 of 1st period - Claude Giroux wins face-off versus Morgan Frost in neutral zone.
16:04 of 1st period - Wrist shot by Martin Necas.
16:04 of 1st period - Stopped by Anton Forsberg with a rebound.
16:06 of 1st period - Wrist shot by Martin Necas.
16:06 of 1st period - Shot Misses the Net.
16:08 of 1st period - Slapshot by Ilya Lyubushkin.
16:08 of 1st period - Shot Misses the Net.
16:25 of 1st period - Minor Penalty to Vincent Trocheck for Roughing.
16:26 of 1st period - Anthony Cirelli wins face-off versus Jake Evans in Montreal Canadiens zone.
16:32 of 1st period - Slapshot by Nick Suzuki.
16:32 of 1st period - Shot Misses the Net.
16:34 of 1st period - Slapshot by Charlie McAvoy.
16:34 of 1st period - Shot Hit the Post.
16:38 of 1st period - Wrist shot by Jonathan Drouin.
16:38 of 1st period - Shot Misses the Net.
16:40 of 1st period - Wrist shot by Charlie McAvoy.
16:40 of 1st period - Stopped by Jacob Markstrom without a rebound.
16:41 of 1st period - Dylan Larkin wins face-off versus T.J. Oshie in Montreal Canadiens zone.
18:25 of 1st period - Penalty to Vincent Trocheck is over, Vincent Trocheck is back on ice.
18:33 of 1st period - Wrist shot by Vladislav Namestnikov.
18:33 of 1st period - Shot Hit the Post.
19:07 of 1st period - Lukas Reichel is hit by Adam Fox and loses puck.
19:17 of 1st period - Off-side.
19:18 of 1st period - Dylan Larkin wins face-off versus Matthew Coronato in neutral zone.
19:20 of 1st period - Off-side.
19:21 of 1st period - Dylan Larkin wins face-off versus Matthew Coronato in neutral zone.
19:32 of 1st period - Slapshot by Dylan Larkin.
19:32 of 1st period - Shot Blocked by Taylor Hall.
Goals for this period are 1 for Montreal Canadiens vs 1 for Hartford Whalers.
Shots for this period are 15 for Montreal Canadiens vs 7 for Hartford Whalers.
2nd period
0:01 of 2nd period - Martin Necas wins face-off versus Nick Suzuki in neutral zone.
0:29 of 2nd period - Miles Wood is hit by Vincent Trocheck and loses puck.
0:38 of 2nd period - Ryan Lindgren is hit by T.J. Oshie and loses puck.
1:04 of 2nd period - Slapshot by Dylan Larkin.
1:04 of 2nd period - Stopped by Anton Forsberg with a rebound.
1:06 of 2nd period - Slapshot by Ryan Lindgren.
1:06 of 2nd period - Shot Blocked by Derek Forbort.
1:08 of 2nd period - Wrist shot by Patrik Laine.
1:08 of 2nd period - Shot Blocked by Miles Wood.
1:10 of 2nd period - Slapshot by Dylan Larkin.
1:10 of 2nd period - Stopped by Anton Forsberg with a rebound.
1:14 of 2nd period - Slapshot by Vincent Trocheck.
1:14 of 2nd period - Stopped by Anton Forsberg with a rebound.
1:16 of 2nd period - Slapshot by Vincent Trocheck.
1:16 of 2nd period - Shot Blocked by T.J. Oshie.
2:17 of 2nd period - Snap shot by Dylan Larkin.
2:17 of 2nd period - Shot Misses the Net.
2:31 of 2nd period - Wrist shot by Dylan Larkin.
2:31 of 2nd period - Stopped by Anton Forsberg with a rebound.
2:33 of 2nd period - Snap shot by Vincent Trocheck.
2:33 of 2nd period - Stopped by Anton Forsberg without a rebound.
2:34 of 2nd period - Nick Suzuki wins face-off versus Claude Giroux in Hartford Whalers zone.
3:01 of 2nd period - Snap shot by Jaden Schwartz.
3:01 of 2nd period - Shot Misses the Net.
3:03 of 2nd period - Slapshot by Ilya Lyubushkin.
3:03 of 2nd period - Deflect By Jaden Schwartz.
3:03 of 2nd period - Stopped by Anton Forsberg with a rebound.
3:22 of 2nd period - Lukas Reichel is hit by Ilya Lyubushkin and loses puck.
3:31 of 2nd period - Wrist shot by Kaapo Kakko.
3:31 of 2nd period - Stopped by Jacob Markstrom with a rebound.
3:37 of 2nd period - Wrist shot by Jaden Schwartz.
3:37 of 2nd period - Stopped by Anton Forsberg with a rebound.
3:39 of 2nd period - Snap shot by Ilya Lyubushkin.
3:39 of 2nd period - Stopped by Anton Forsberg with a rebound.
4:09 of 2nd period - Wrist shot by Juraj Slafkovsky.
4:09 of 2nd period - Stopped by Anton Forsberg without a rebound.
4:10 of 2nd period - Nick Suzuki wins face-off versus Claude Giroux in Hartford Whalers zone.
4:10 of 2nd period - Nick Suzuki is hit by Jonathan Marchessault.
4:41 of 2nd period - Taylor Hall is hit by Damon Severson and loses puck.
9:59 of 2nd period - T.J. Oshie is hit by Vincent Trocheck and loses puck.
10:27 of 2nd period - Ryan McDonagh is hit by Martin Necas and loses puck.
12:00 of 2nd period - Tyler Myers is hit by T.J. Oshie and loses puck.
13:10 of 2nd period - Wrist shot by Jonathan Drouin.
13:10 of 2nd period - Shot Hit the Post.
13:26 of 2nd period - Tyler Myers is hit by Kaiden Guhle and loses puck.
13:33 of 2nd period - Taylor Hall is hit by Vincent Trocheck and loses puck.
13:38 of 2nd period - Slapshot by Vincent Trocheck.
13:38 of 2nd period - Stopped by Anton Forsberg without a rebound.
13:39 of 2nd period - Claude Giroux wins face-off versus Nick Suzuki in Hartford Whalers zone.
14:19 of 2nd period - Icing by Kaapo Kakko.
14:20 of 2nd period - Dylan Larkin wins face-off versus Tomas Tatar in Hartford Whalers zone.
14:32 of 2nd period - Tyler Myers is hit by Tomas Tatar and loses puck.
14:39 of 2nd period - Snap shot by Lukas Reichel.
14:39 of 2nd period - Shot Blocked by Dylan Larkin.
14:41 of 2nd period - Snap shot by Kaapo Kakko.
14:41 of 2nd period - Stopped by Jacob Markstrom without a rebound.
14:42 of 2nd period - Jake Evans wins face-off versus Nick Suzuki in Montreal Canadiens zone.
14:51 of 2nd period - Wrist shot by Jaden Schwartz.
14:51 of 2nd period - Goal by Jaden Schwartz - Montreal Canadiens : 2 - Hartford Whalers : 1.
14:52 of 2nd period - Nick Suzuki wins face-off versus Claude Giroux in neutral zone.
15:19 of 2nd period - Ryan McDonagh is hit by Vincent Trocheck and loses puck.
15:48 of 2nd period - Slapshot by Jaden Schwartz.
15:48 of 2nd period - Shot Blocked by Ryan McDonagh.
15:50 of 2nd period - Slapshot by Damon Severson.
15:50 of 2nd period - Shot Blocked by Charlie McAvoy.
16:14 of 2nd period - Ryan McDonagh is hit by Vladislav Namestnikov and loses puck.
16:27 of 2nd period - Adam Fox is hit by Miles Wood and loses puck.
16:34 of 2nd period - Snap shot by Morgan Frost.
16:34 of 2nd period - Stopped by Jacob Markstrom with a rebound.
17:13 of 2nd period - Off-side.
17:14 of 2nd period - Dylan Larkin wins face-off versus Lukas Reichel in neutral zone.
17:27 of 2nd period - Snap shot by Lukas Reichel.
17:27 of 2nd period - Shot Misses the Net.
17:29 of 2nd period - Slapshot by Kaiden Guhle.
17:29 of 2nd period - Shot Blocked by Patrik Laine.
17:50 of 2nd period - Backhand shot by Nick Suzuki.
17:50 of 2nd period - Shot Misses the Net.
17:52 of 2nd period - Slapshot by Derek Forbort.
17:52 of 2nd period - Stopped by Jacob Markstrom with a rebound.
18:07 of 2nd period - Slapshot by Martin Necas.
18:07 of 2nd period - Stopped by Anton Forsberg with a rebound.
18:09 of 2nd period - Snap shot by Claude Giroux.
18:09 of 2nd period - Shot Blocked by Ryan Suter.
18:25 of 2nd period - Slapshot by Vladislav Namestnikov.
18:25 of 2nd period - Deflect By Miles Wood.
18:25 of 2nd period - Shot Blocked by Ryan Suter.
18:25 of 2nd period - Puck is out of play.
18:26 of 2nd period - Nick Suzuki wins face-off versus Luke Glendening in Hartford Whalers zone.
18:31 of 2nd period - Slapshot by Ryan McDonagh.
18:31 of 2nd period - Deflect By Nick Suzuki.
18:31 of 2nd period - Shot Blocked by Luke Glendening.
18:31 of 2nd period - Puck is out of play.
18:32 of 2nd period - Nick Suzuki wins face-off versus Luke Glendening in Montreal Canadiens zone.
18:51 of 2nd period - Wrist shot by Vladislav Namestnikov.
18:51 of 2nd period - Shot Blocked by Anthony Cirelli.
19:11 of 2nd period - Slapshot by Nick Suzuki.
19:11 of 2nd period - Stopped by Jacob Markstrom with a rebound.
19:19 of 2nd period - Jonathan Drouin is hit by Luke Glendening and loses puck.
19:44 of 2nd period - Wrist shot by Aliaksei Protas.
19:44 of 2nd period - Stopped by Anton Forsberg with a rebound.
19:46 of 2nd period - Slapshot by Adam Fox.
19:46 of 2nd period - Stopped by Anton Forsberg with a rebound.
19:48 of 2nd period - Snap shot by Aliaksei Protas.
19:48 of 2nd period - Stopped by Anton Forsberg with a rebound.
Goals for this period are 1 for Montreal Canadiens vs 0 for Hartford Whalers.
Shots for this period are 15 for Montreal Canadiens vs 5 for Hartford Whalers.
3rd period
0:01 of 3rd period - Morgan Frost wins face-off versus Claude Giroux in neutral zone.
0:14 of 3rd period - Snap shot by Jonathan Marchessault.
0:14 of 3rd period - Stopped by Anton Forsberg with a rebound.
1:32 of 3rd period - Slapshot by Morgan Frost.
1:32 of 3rd period - Shot Blocked by Jonathan Marchessault.
2:21 of 3rd period - Wrist shot by T.J. Oshie.
2:21 of 3rd period - Shot Misses the Net.
2:23 of 3rd period - Slapshot by T.J. Oshie.
2:23 of 3rd period - Shot Blocked by Jaden Schwartz.
2:27 of 3rd period - Slapshot by Charlie McAvoy.
2:27 of 3rd period - Shot Misses the Net.
2:29 of 3rd period - Snap shot by T.J. Oshie.
2:29 of 3rd period - Shot Misses the Net.
2:31 of 3rd period - Snap shot by Ryan McDonagh.
2:31 of 3rd period - Stopped by Jacob Markstrom without a rebound.
2:32 of 3rd period - Claude Giroux wins face-off versus Nick Suzuki in Montreal Canadiens zone.
2:39 of 3rd period - Snap shot by Nick Suzuki.
2:39 of 3rd period - Stopped by Jacob Markstrom with a rebound.
2:41 of 3rd period - Wrist shot by Jonathan Drouin.
2:41 of 3rd period - Shot Hit the Post.
2:59 of 3rd period - Lukas Reichel is hit by Brady Skjei.
3:23 of 3rd period - Ryan Suter is hit by Jaden Schwartz and loses puck.
4:06 of 3rd period - Slapshot by Ryan Suter.
4:06 of 3rd period - Shot Blocked by Ryan Lindgren.
4:08 of 3rd period - Slapshot by Ryan Suter.
4:08 of 3rd period - Shot Blocked by Tyler Myers.
4:10 of 3rd period - Snap shot by Taylor Hall.
4:10 of 3rd period - Stopped by Jacob Markstrom with a rebound.
4:12 of 3rd period - Wrist shot by Matthew Coronato.
4:12 of 3rd period - Shot Misses the Net.
4:14 of 3rd period - Wrist shot by Matthew Coronato.
4:14 of 3rd period - Shot Misses the Net.
4:21 of 3rd period - Minor Penalty to Ryan Suter for Tripping.
4:22 of 3rd period - Vincent Trocheck wins face-off versus Nick Suzuki in Hartford Whalers zone.
5:10 of 3rd period - Adam Fox is hit by Ryan McDonagh and loses puck.
5:52 of 3rd period - Icing by Dylan Larkin.
5:53 of 3rd period - Dylan Larkin wins face-off versus Jonathan Drouin in Montreal Canadiens zone.
6:21 of 3rd period - Penalty to Ryan Suter is over, Ryan Suter is back on ice.
6:51 of 3rd period - Jake Evans is hit by Josh Anderson and loses puck.
7:04 of 3rd period - Wrist shot by T.J. Oshie.
7:04 of 3rd period - Shot Blocked by Martin Necas.
7:06 of 3rd period - Snap shot by Miles Wood.
7:06 of 3rd period - Shot Misses the Net.
7:08 of 3rd period - Slapshot by Ryan Suter.
7:08 of 3rd period - Shot Misses the Net.
7:10 of 3rd period - Snap shot by Morgan Frost.
7:10 of 3rd period - Stopped by Jacob Markstrom with a rebound.
7:12 of 3rd period - Wrist shot by Miles Wood.
7:12 of 3rd period - Stopped by Jacob Markstrom without a rebound.
7:13 of 3rd period - Vincent Trocheck wins face-off versus Nick Suzuki in Montreal Canadiens zone.
7:24 of 3rd period - Jonathan Drouin is hit by Patrik Laine and loses puck.
7:39 of 3rd period - Slapshot by Charlie McAvoy.
7:39 of 3rd period - Stopped by Jacob Markstrom with a rebound.
7:49 of 3rd period - Snap shot by Juraj Slafkovsky.
7:49 of 3rd period - Shot Misses the Net.
7:55 of 3rd period - Minor Penalty to Charlie McAvoy for Interference.
7:56 of 3rd period - Claude Giroux wins face-off versus Jonathan Drouin in Hartford Whalers zone.
8:09 of 3rd period - Slapshot by Tyler Myers.
8:09 of 3rd period - Shot Misses the Net.
9:55 of 3rd period - Penalty to Charlie McAvoy is over, Charlie McAvoy is back on ice.
10:10 of 3rd period - Snap shot by Lukas Reichel.
10:10 of 3rd period - Shot Misses the Net.
10:12 of 3rd period - Wrist shot by Kaapo Kakko.
10:12 of 3rd period - Shot Misses the Net.
10:14 of 3rd period - Snap shot by Kaiden Guhle.
10:14 of 3rd period - Shot Blocked by Luke Glendening.
11:43 of 3rd period - Minor Penalty to Martin Necas for Cross-checking.
11:44 of 3rd period - Dylan Larkin wins face-off versus Nick Suzuki in Montreal Canadiens zone.
13:43 of 3rd period - Penalty to Martin Necas is over, Martin Necas is back on ice.
14:00 of 3rd period - Slapshot by Matthew Coronato.
14:00 of 3rd period - Shot Misses the Net.
14:02 of 3rd period - Snap shot by Taylor Hall.
14:02 of 3rd period - Stopped by Jacob Markstrom with a rebound.
14:04 of 3rd period - Wrist shot by Taylor Hall.
14:04 of 3rd period - Shot Blocked by Martin Necas.
14:06 of 3rd period - Slapshot by Kaiden Guhle.
14:06 of 3rd period - Shot Blocked by Martin Necas.
14:08 of 3rd period - Backhand shot by Derek Forbort.
14:08 of 3rd period - Shot Blocked by Dylan Larkin.
14:10 of 3rd period - Slapshot by Derek Forbort.
14:10 of 3rd period - Stopped by Jacob Markstrom with a rebound.
14:24 of 3rd period - Wrist shot by Aliaksei Protas.
14:24 of 3rd period - Stopped by Anton Forsberg with a rebound.
14:26 of 3rd period - Snap shot by Vladislav Namestnikov.
14:26 of 3rd period - Stopped by Anton Forsberg without a rebound.
14:27 of 3rd period - Lukas Reichel wins face-off versus Luke Glendening in Hartford Whalers zone.
15:08 of 3rd period - Slapshot by Vladislav Namestnikov.
15:08 of 3rd period - Stopped by Anton Forsberg with a rebound.
15:10 of 3rd period - Snap shot by Damon Severson.
15:10 of 3rd period - Stopped by Anton Forsberg with a rebound.
15:12 of 3rd period - Slapshot by Damon Severson.
15:12 of 3rd period - Shot Misses the Net.
15:14 of 3rd period - Slapshot by Aliaksei Protas.
15:14 of 3rd period - Stopped by Anton Forsberg without a rebound.
15:15 of 3rd period - Jake Evans wins face-off versus Jonathan Drouin in Hartford Whalers zone.
15:53 of 3rd period - Charlie McAvoy is hit by Adam Fox and loses puck.
17:00 of 3rd period - Patrik Laine is hit by Torey Krug.
17:32 of 3rd period - Snap shot by Josh Anderson.
17:32 of 3rd period - Stopped by Jacob Markstrom with a rebound.
17:34 of 3rd period - Wrist shot by Derek Forbort.
17:34 of 3rd period - Deflect By Lukas Reichel.
17:34 of 3rd period - Stopped by Jacob Markstrom without a rebound.
17:35 of 3rd period - Luke Glendening wins face-off versus Lukas Reichel in Montreal Canadiens zone.
17:48 of 3rd period - Wrist shot by Tomas Tatar.
17:48 of 3rd period - Stopped by Jacob Markstrom without a rebound.
17:49 of 3rd period - Jake Evans wins face-off versus Nick Suzuki in Montreal Canadiens zone.
18:00 of 3rd period - Snap shot by Charlie McAvoy.
18:00 of 3rd period - Stopped by Jacob Markstrom without a rebound.
18:01 of 3rd period - Juraj Slafkovsky wins face-off versus Lukas Reichel in Montreal Canadiens zone.
18:36 of 3rd period - Hartford Whalers, Anton Forsberg is pulled from the net.
18:36 of 3rd period - Slapshot by Charlie McAvoy.
18:36 of 3rd period - Deflect By Jonathan Drouin.
18:36 of 3rd period - Shot Misses the Net.
18:36 of 3rd period - Puck is out of play.
18:37 of 3rd period - Jake Evans wins face-off versus Nick Suzuki in Montreal Canadiens zone.
19:27 of 3rd period - Minor Penalty to Vincent Trocheck for Roughing.
19:28 of 3rd period - Morgan Frost wins face-off versus Dylan Larkin in Montreal Canadiens zone.
19:36 of 3rd period - Slapshot by T.J. Oshie.
19:36 of 3rd period - Shot Misses the Net.
19:38 of 3rd period - Wrist shot by T.J. Oshie.
19:38 of 3rd period - Shot Hit the Post.
19:40 of 3rd period - Snap shot by Ryan Suter.
19:40 of 3rd period - Shot Blocked by Jake Evans.
19:42 of 3rd period - Snap shot by Morgan Frost.
19:42 of 3rd period - Stopped by Jacob Markstrom without a rebound.
19:43 of 3rd period - Paul Maurice call a timeout for Hartford Whalers.
19:43 of 3rd period - Dylan Larkin wins face-off versus Morgan Frost in Montreal Canadiens zone.
19:52 of 3rd period - Slapshot by T.J. Oshie.
19:52 of 3rd period - Shot Blocked by Brady Skjei.
19:54 of 3rd period - Slapshot by Ryan McDonagh.
19:54 of 3rd period - Stopped by Jacob Markstrom without a rebound.
19:55 of 3rd period - Jake Evans wins face-off versus Nick Suzuki in Montreal Canadiens zone.
Goals for this period are 0 for Montreal Canadiens vs 0 for Hartford Whalers.
Shots for this period are 6 for Montreal Canadiens vs 14 for Hartford Whalers.
Back to the Top